[Event "Titled Tuesday Blitz October 31 Early 2023"]
[White "Lee, Jun Hyeok"]
[Black "Buchenau, Frank"]
[WhiteFideId "13202340"]
[BlackFideId "4604350"]
[WhiteElo "2638"]
[BlackElo "2456"]
[Result "1/2-1/2"]
[Round "5"]
[TimeControl "180+1"]
[Date "2023.10.31"]
[WhiteClock "0:00:16"]
[BlackClock "0:00:18"]
[Board "77"]

1. d4 e6 2. c4 Nf6 3. Nf3 b6 4. g3 Bb7 5. Bg2 Be7 6. O-O O-O 7. Re1 a5 8. Nc3 Ne4 9. Qc2 Nxc3 10. bxc3 f5 11. d5 Na6 12. Nd4 Nc5 13. e4 fxe4 14. Bxe4 Nxe4 15. Qxe4 Bf6 16. Bf4 Re8 17. Nb5 exd5 18. Qxe8+ Qxe8 19. Rxe8+ Rxe8 20. Nxc7 Bxc3 21. Rc1 Re1+ 22. Rxe1 Bxe1 23. Nxd5 b5 24. Kf1 bxc4 25. Ne7+ Kf7 26. Nf5 Bb4 27. Nd6+ Bxd6 28. Bxd6 Ke6 29. Bf8 g6 30. Ke2 Be4 31. Ke3 d5 32. a3 c3 33. Bg7 c2 34. Bb2 g5 35. f3 Bg6 36. Kd4 h5 37. Bc1 g4 38. f4 Be4 39. Be3 Kd6 40. Bd2 a4 41. Bb4+ Ke6 42. Bd2 Bf5 43. Bc1 Be4 44. Bd2 Bf5 45. Bc1 Be4 46. Bd2 1/2-1/2


[Site "https://www.chess.com"]

[Event "Titled Tuesday Blitz October 31 Early 2023"]
[White "Chinguun, Sumiya"]
[Black "Herman, Daniel"]
[WhiteFideId "4902572"]
[BlackFideId "30935008"]
[WhiteElo "2636"]
[BlackElo "2453"]
[Result "1-0"]
[Round "5"]
[TimeControl "180+1"]
[Date "2023.10.31"]
[WhiteClock "0:00:48"]
[BlackClock "0:00:00"]
[Board "78"]

1. e4 Nf6 2. e5 Nd5 3. d3 d6 4. exd6 cxd6 5. Nf3 g6 6. g3 Bg7 7. Bg2 O-O 8. O-O Nc6 9. c3 e5 10. Nbd2 Be6 11. Nb3 h6 12. Re1 f5 13. Bd2 Kh7 14. Rc1 Bg8 15. c4 Nc7 16. Bc3 Ne6 17. d4 e4 18. d5 exf3 19. Bxf3 Ne5 20. Bxe5 dxe5 21. dxe6 e4 22. Be2 Bxe6 23. Nc5 Qe7 24. b4 Rad8 25. Qb3 Bc8 26. Red1 b6 27. Na4 Be6 28. Nc3 Rxd1+ 29. Rxd1 Rd8 30. Nd5 Bxd5 31. cxd5 Be5 32. Qc4 Qg7 33. a4 Rd7 34. Qb3 Bd4 35. Bb5 Rd6 36. Qc4 Be5 37. Bc6 h5 38. h4 Qf6 39. a5 g5 40. Qe2 gxh4 41. Qxh5+ Kg7 42. Qxh4 Qxh4 43. gxh4 Rh6 44. a6 Bd6 45. Kf1 Rxh4 46. Ke2 f4 47. Rg1+ Kf6 48. Rg8 Rh3 49. Rd8 Ke5 50. Bd7 f3+ 51. Ke3 Bxb4 52. Bxh3 Bc5+ 53. Kd2 Bxf2 54. Bf1 e3+ 55. Kd3 e2 56. Bxe2 fxe2 57. Kxe2 Bc5 58. Kd3 Bd6 59. Kc4 b5+ 60. Kxb5 Kxd5 61. Rd7 Ke6 62. Rxa7 Kd5 63. Rd7 Ke6 64. Rxd6+ 1-0


[Site "https://www.chess.com"]

[Event "Titled Tuesday Blitz October 31 Early 2023"]
[White "Jain Kashish Manoj"]
[Black "MMAHDI2013"]
[WhiteFideId "35081098"]
[WhiteElo "2626"]
[BlackElo "2451"]
[Result "1-0"]
[Round "5"]
[TimeControl "180+1"]
[Date "2023.10.31"]
[WhiteClock "0:01:20"]
[BlackClock "0:00:19"]
[Board "79"]

1. e4 c6 2. d4 d5 3. e5 Bf5 4. Nf3 e6 5. Be2 Nd7 6. O-O a5 7. a4 f6 8. Nbd2 Nh6 9. Re1 fxe5 10. dxe5 Nf7 11. Nd4 Nfxe5 12. Nxf5 exf5 13. Bh5+ g6 14. Nf3 Bg7 15. Nxe5 Nxe5 16. Bf4 O-O 17. Bxe5 Bxe5 18. Rxe5 Qf6 19. Qe2 gxh5 20. Re1 Rf7 21. Qxh5 Qg6 22. Qh3 Qg4 23. Qh6 Qg6 24. Re8+ 1-0


[Site "https://www.chess.com"]

[Event "Titled Tuesday Blitz October 31 Early 2023"]
[White "Arslanov, Shamil"]
[Black "Liu, Casper"]
[WhiteFideId "4192826"]
[BlackFideId "1454153"]
[WhiteElo "2624"]
[BlackElo "2448"]
[Result "1-0"]
[Round "5"]
[TimeControl "180+1"]
[Date "2023.10.31"]
[WhiteClock "0:00:06"]
[BlackClock "0:00:00"]
[Board "80"]

1. d4 Nf6 2. f3 d5 3. e4 dxe4 4. Nc3 exf3 5. Nxf3 Bg4 6. h3 Bh5 7. g4 Bg6 8. Ne5 Nbd7 9. Qf3 c6 10. h4 Nxe5 11. dxe5 Nd7 12. h5 Nxe5 13. Qe2 Bxc2 14. Qxe5 h6 15. Be3 e6 16. Rh2 Bd6 17. Qxg7 Bg3+ 18. Bf2 Bxh2 19. Qxh8+ Kd7 20. Qxh6 Kc7 21. Qd2 Qxd2+ 22. Kxd2 Bh7 23. Re1 Rd8+ 24. Kc1 Rg8 25. Be2 Bf4+ 26. Kd1 Rd8+ 27. Bd3 Bxd3 28. Be3 Bf5+ 29. Kc1 Bxe3+ 30. Rxe3 Bxg4 31. h6 Rh8 32. Rg3 Bf5 33. Rg7 Rxh6 34. Rxf7+ Kb6 35. Na4+ Kb5 36. Nc3+ Kb6 37. Na4+ Kb5 38. b3 b6 39. Rxa7 Rh1+ 40. Kd2 Rh2+ 41. Ke3 c5 42. Ra8 Kc6 43. Ra6 Kd5 44. Ra5 Ke5 45. Nxb6 Kf6 46. Rxc5 Rh3+ 47. Kd2 Rh2+ 48. Kc3 Rxa2 49. Nc4 Ra1 50. b4 Rc1+ 51. Kb2 Rb1+ 52. Kc3 Rc1+ 53. Kd2 Rb1 54. b5 Be4 55. Ke3 Bd5 56. Nb6 Bb7 57. Nd7+ Ke7 58. Rc7 Bd5 59. b6 Kd6 60. Kd4 Rxb6 61. Ra7 Rb4+ 62. Kd3 e5 63. Nf6 1-0


[Site "https://www.chess.com"]

[Event "Titled Tuesday Blitz October 31 Early 2023"]
[White "kushbhagat2009"]
[Black "Rios Escobar, Adan"]
[BlackFideId "3403645"]
[WhiteElo "2623"]
[BlackElo "2447"]
[Result "1-0"]
[Round "5"]
[TimeControl "180+1"]
[Date "2023.10.31"]
[WhiteClock "0:01:08"]
[BlackClock "0:00:07"]
[Board "81"]

1. d4 Nf6 2. c4 g6 3. Nc3 Bg7 4. e4 d6 5. Be2 O-O 6. Be3 Nc6 7. d5 Ne5 8. f4 Neg4 9. Bd2 Nh6 10. Nf3 e6 11. O-O exd5 12. cxd5 Re8 13. Qc2 c6 14. dxc6 bxc6 15. Kh1 Qb6 16. Na4 Qc7 17. e5 Bf5 18. Bd3 dxe5 19. Nxe5 Rxe5 20. fxe5 Nfg4 21. Bxf5 gxf5 22. h3 Nxe5 23. Bxh6 Bxh6 24. Qxf5 Ng6 25. Nc5 Re8 26. Nd7 Re7 27. Nf6+ Kg7 28. Rae1 Nf4 29. Qxh7+ Kxf6 30. Qxh6+ Kf5 31. g4# 1-0


[Site "https://www.chess.com"]

[Event "Titled Tuesday Blitz October 31 Early 2023"]
[White "Pinheiro, Iung Alicio de O."]
[Black "Mindhunter08"]
[WhiteFideId "2104350"]
[WhiteElo "2620"]
[BlackElo "2440"]
[Result "1-0"]
[Round "5"]
[TimeControl "180+1"]
[Date "2023.10.31"]
[WhiteClock "0:00:26"]
[BlackClock "0:00:24"]
[Board "82"]

1. d4 d5 2. Nf3 Nf6 3. Bg5 Ne4 4. Bh4 c5 5. e3 Nc6 6. Nbd2 Qb6 7. dxc5 Qxb2 8. Nxe4 dxe4 9. Nd2 Qc3 10. Rb1 e6 11. Rb3 Qa5 12. Bb5 Bxc5 13. O-O f5 14. Nxe4 Be7 15. Bxe7 Kxe7 16. Qd6+ Kf7 17. Bxc6 fxe4 18. Bxb7 Bxb7 19. Rxb7+ Kf6 20. Qe7+ Ke5 21. Qxg7+ Kd6 22. Qd7+ Kc5 23. Rc7+ Kb4 24. Rb1+ Ka3 25. Rb3+ Kxa2 26. Qd1 1-0


[Site "https://www.chess.com"]

[Event "Titled Tuesday Blitz October 31 Early 2023"]
[White "Ahmad, Khagan"]
[Black "Kostiukov, Alexandr"]
[WhiteFideId "13431552"]
[BlackFideId "14108100"]
[WhiteElo "2612"]
[BlackElo "2432"]
[Result "1-0"]
[Round "5"]
[TimeControl "180+1"]
[Date "2023.10.31"]
[WhiteClock "0:00:07"]
[BlackClock "0:00:32"]
[Board "83"]

1. Nf3 c5 2. e4 g6 3. c4 Bg7 4. d4 cxd4 5. Nxd4 Nc6 6. Be3 Nf6 7. Nc3 Nxd4 8. Bxd4 Qa5 9. Be2 O-O 10. O-O d6 11. f3 Be6 12. Rc1 Rfc8 13. b3 a6 14. a4 Nd7 15. Bxg7 Kxg7 16. Qd4+ f6 17. Nd5 Bxd5 18. exd5 Qc5 19. Qxc5 Nxc5 20. Rc3 a5 21. Re3 Rc7 22. Re1 Kf7 23. g4 Ra6 24. f4 Rb6 25. Bd1 Rb4 26. g5 f5 27. h4 b5 28. axb5 a4 29. bxa4 Nxa4 30. Bxa4 Rxa4 31. b6 Rb7 32. Rb3 Rxc4 33. Ra1 Rc8 34. Ra7 Rcb8 35. Rxb7 Rxb7 36. Kf2 Ke8 37. Ke3 Kd7 38. Kd4 Rb8 39. Rb2 Rc8 40. b7 Rb8 41. h5 Kc7 42. hxg6 hxg6 43. Re2 Kd7 44. Rb2 Kc7 45. Re2 Re8 46. Re6 Kxb7 47. Rxg6 Kc7 48. Rg7 Kd7 49. Rf7 Ra8 50. Rxf5 Ra4+ 51. Ke3 Ra3+ 52. Ke4 Rg3 53. Rf8 Rg1 54. Kf5 Rd1 55. g6 Rxd5+ 56. Ke4 Rd1 57. g7 Rg1 58. g8=Q 1-0


[Site "https://www.chess.com"]

[Event "Titled Tuesday Blitz October 31 Early 2023"]
[White "Kuznetsova, Olga"]
[Black "Ergali_Suleimen"]
[WhiteFideId "4191323"]
[WhiteElo "2425"]
[BlackElo "2609"]
[Result "1-0"]
[Round "5"]
[TimeControl "180+1"]
[Date "2023.10.31"]
[WhiteClock "0:00:51"]
[BlackClock "0:00:02"]
[Board "84"]

1. d4 Nf6 2. Nc3 d5 3. Bf4 e6 4. e3 a6 5. Bd3 c5 6. Nf3 Nc6 7. Ne5 Nxe5 8. Bxe5 b5 9. O-O Be7 10. dxc5 Bxc5 11. a4 b4 12. Ne2 O-O 13. Nd4 Bb7 14. Qf3 Ne4 15. Bxe4 dxe4 16. Qg3 g6 17. Rad1 Qe7 18. Nb3 Bd5 19. Nxc5 Qxc5 20. Bd6 Qxc2 21. Bxf8 Rxf8 22. Qe5 Qxa4 23. Rc1 Qb5 24. Rc7 a5 25. Rfc1 Qa6 26. h4 h5 27. Rd7 a4 28. Rcc7 a3 29. bxa3 bxa3 30. Ra7 Qd3 31. Qf6 e5 32. Qxg6+ Kh8 33. Qxh5+ Kg8 34. Qg5+ Kh7 35. Qf5+ Kg8 36. Qxe5 Qd1+ 37. Kh2 Qg4 38. Rxd5 Qxh4+ 39. Kg1 a2 40. Qg5+ 1-0


[Site "https://www.chess.com"]

[Event "Titled Tuesday Blitz October 31 Early 2023"]
[White "Ginzburg, Yakov"]
[Black "Leve, Nitai"]
[WhiteFideId "4157176"]
[BlackFideId "2006898"]
[WhiteElo "2609"]
[BlackElo "2427"]
[Result "1-0"]
[Round "5"]
[TimeControl "180+1"]
[Date "2023.10.31"]
[WhiteClock "0:01:01"]
[BlackClock "0:00:00"]
[Board "85"]

1. d4 d5 2. c4 c6 3. Nf3 Nf6 4. Nc3 dxc4 5. e4 b5 6. e5 Nd5 7. a4 b4 8. Ne4 Ba6 9. e6 fxe6 10. Ne5 g6 11. Qg4 Bg7 12. Nxg6 hxg6 13. Qxg6+ Kd7 14. Qxg7 Kc8 15. Nc5 Nc7 16. Bf4 Bb7 17. Bxc4 Nd7 18. Bxc7 1-0


[Site "https://www.chess.com"]

[Event "Titled Tuesday Blitz October 31 Early 2023"]
[White "Dixit, Nikhil"]
[Black "Polaczek, Richard"]
[WhiteFideId "5059534"]
[BlackFideId "200026"]
[WhiteElo "2607"]
[BlackElo "2419"]
[Result "0-1"]
[Round "5"]
[TimeControl "180+1"]
[Date "2023.10.31"]
[WhiteClock "0:01:15"]
[BlackClock "0:00:33"]
[Board "86"]

1. e4 Nf6 2. e5 Nd5 3. d4 d6 4. Nf3 g6 5. Nc3 Nxc3 6. bxc3 Bg7 7. Bd3 O-O 8. O-O Nc6 9. exd6 cxd6 10. Re1 h6 11. Bf4 Qc7 12. Qd2 Kh7 13. Re3 Bg4 14. h3 Bxf3 15. Rxf3 e5 16. Be3 f5 17. Rg3 e4 18. Bf1 Na5 19. f3 d5 20. Bf4 Qc6 21. h4 Rac8 22. fxe4 dxe4 23. Rb1 b6 24. Rb5 Nc4 25. Bxc4 Qxc4 26. Re5 Bxe5 27. Bxe5 Qxa2 28. h5 g5 29. d5 Rf7 30. d6 Qe6 31. Bd4 f4 0-1


[Site "https://www.chess.com"]

[Event "Titled Tuesday Blitz October 31 Early 2023"]
[White "Bodnaruk, Anastasia"]
[Black "Ziatdinov, Raset"]
[WhiteFideId "4181751"]
[BlackFideId "2015323"]
[WhiteElo "2606"]
[BlackElo "2417"]
[Result "1-0"]
[Round "5"]
[TimeControl "180+1"]
[Date "2023.10.31"]
[WhiteClock "0:00:19"]
[BlackClock "0:00:05"]
[Board "87"]

1. e4 c5 2. Nc3 Nc6 3. Bb5 g6 4. Bxc6 bxc6 5. d3 Bg7 6. f4 d6 7. Nf3 Nf6 8. O-O O-O 9. Kh1 Rb8 10. Rb1 Ne8 11. Be3 Nc7 12. d4 cxd4 13. Bxd4 f6 14. Bxa7 Rb7 15. Be3 e5 16. Qd2 Ne6 17. fxe5 dxe5 18. Qxd8 Rxd8 19. b3 f5 20. Rfd1 Rbd7 21. Rxd7 Rxd7 22. a4 Nd4 23. Ne1 Bf8 24. exf5 Bb4 25. Ne4 Rf7 26. f6 Bxe1 27. Rxe1 Nxc2 28. Re2 Nxe3 29. Rxe3 Bf5 30. Nc5 Rxf6 31. Rxe5 Bc2 32. Kg1 Rf4 33. a5 Rd4 34. a6 Rd1+ 35. Kf2 Ra1 36. Re2 Bd1 37. Re8+ Kf7 38. Rc8 Ra2+ 39. Ke3 Ra3 40. Kd4 Bg4 41. Rxc6 Bd1 42. Rc7+ Kf6 43. a7 h5 44. Na4 1-0


[Site "https://www.chess.com"]

[Event "Titled Tuesday Blitz October 31 Early 2023"]
[White "FoxOnTheRun97"]
[Black "Bochnicka, Vladimir"]
[BlackFideId "14943450"]
[WhiteElo "2598"]
[BlackElo "2417"]
[Result "1-0"]
[Round "5"]
[TimeControl "180+1"]
[Date "2023.10.31"]
[WhiteClock "0:00:05"]
[BlackClock "0:00:03"]
[Board "88"]

1. d4 Nf6 2. Bg5 e6 3. Nd2 h6 4. Bh4 g5 5. Bg3 d5 6. e3 Bg7 7. h4 g4 8. h5 Nbd7 9. Be2 c5 10. Bxg4 cxd4 11. exd4 Qb6 12. Nb3 a5 13. a4 Nxg4 14. Qxg4 Bf6 15. Nf3 Qb4+ 16. Kf1 b6 17. Bh4 Ba6+ 18. Kg1 Ke7 19. Qf4 Rac8 20. Ne5 Rxc2 21. Nxd7 Bxh4 22. Rxh4 Qxb3 23. Ne5 Rf8 24. Re1 Qb4 25. Re3 Qxb2 26. Rhh3 Rc1+ 27. Kh2 Qb1 28. Rhf3 Rh1+ 29. Kg3 Rg8+ 30. Ng6+ Rxg6+ 31. hxg6 Qxg6+ 32. Qg4 Qh7 33. Rc3 h5 34. Qg5+ Kd7 35. Rf4 h4+ 36. Rxh4 Rxh4 37. Qxh4 Qg7+ 38. Qg4 Qf6 39. Qf4 Qg6+ 40. Kf3 Bd3 41. Rc7+ Kd8 42. Qd6+ 1-0


[Site "https://www.chess.com"]

[Event "Titled Tuesday Blitz October 31 Early 2023"]
[White "Srebrnic, Marko"]
[Black "Omelja, Artem"]
[WhiteFideId "14603616"]
[BlackFideId "14119846"]
[WhiteElo "2410"]
[BlackElo "2579"]
[Result "0-1"]
[Round "5"]
[TimeControl "180+1"]
[Date "2023.10.31"]
[WhiteClock "0:00:06"]
[BlackClock "0:00:04"]
[Board "90"]

1. e4 c5 2. Nf3 Nc6 3. d4 cxd4 4. Nxd4 Nf6 5. Nc3 e5 6. Ndb5 d6 7. Bg5 a6 8. Na3 b5 9. Nd5 Be7 10. Bxf6 Bxf6 11. c3 O-O 12. Nc2 Bg5 13. h4 Bh6 14. g3 Be6 15. Nce3 Ne7 16. Bg2 Rb8 17. O-O b4 18. c4 Nc6 19. Qa4 Nd4 20. Qxa6 Bxe3 21. Nxe3 Ra8 22. Qb7 Qa5 23. Qe7 Qc5 24. h5 f6 25. Nf5 Bxf5 26. exf5 Kh8 27. h6 gxh6 28. Bd5 Nxf5 29. Qe6 Nd4 30. Qh3 Ra7 31. Qxh6 Rg7 32. Kg2 f5 33. Rh1 f4 34. Raf1 Nf5 35. Qxg7+ Kxg7 36. Rh5 fxg3 37. Rg5+ Kh8 38. Rh1 Qxf2+ 39. Kh3 g2 40. Bxg2 Qh4# 0-1


[Site "https://www.chess.com"]

[Event "Titled Tuesday Blitz October 31 Early 2023"]
[White "brm72"]
[Black "Lebedev, Artem S."]
[BlackFideId "34272747"]
[WhiteElo "2578"]
[BlackElo "2405"]
[Result "1-0"]
[Round "5"]
[TimeControl "180+1"]
[Date "2023.10.31"]
[WhiteClock "0:00:13"]
[BlackClock "0:00:00"]
[Board "91"]

1. e4 e5 2. Nf3 Nc6 3. Bc4 Bc5 4. c3 Nf6 5. d3 d6 6. O-O a6 7. a4 Ba7 8. h3 h6 9. Nbd2 g5 10. Qb3 Qe7 11. a5 g4 12. hxg4 Nxg4 13. d4 exd4 14. cxd4 Nxd4 15. Nxd4 Bxd4 16. Nf3 Ba7 17. Bf4 Be6 18. e5 Bxc4 19. Qxc4 dxe5 20. Nxe5 Nxf2 21. Rxf2 O-O-O 22. Rf1 Rhf8 23. Nf3 Bxf2+ 24. Rxf2 Rd1+ 25. Kh2 Rd7 26. Bg3 h5 27. Ne5 h4 28. Bf4 Rd6 29. b4 Qe6 30. Qc3 c6 31. Nc4 Rd5 32. Nb6+ Kd8 33. Nxd5 1-0


[Site "https://www.chess.com"]

[Event "Titled Tuesday Blitz October 31 Early 2023"]
[White "Andreev, Konstantin"]
[Black "Matveeva, Olga"]
[WhiteFideId "24239305"]
[BlackFideId "24107018"]
[WhiteElo "2565"]
[BlackElo "2403"]
[Result "1-0"]
[Round "5"]
[TimeControl "180+1"]
[Date "2023.10.31"]
[WhiteClock "0:00:02"]
[BlackClock "0:00:00"]
[Board "92"]

1. e4 c6 2. d4 d5 3. e5 c5 4. dxc5 e6 5. Nf3 Bxc5 6. Bd3 Nc6 7. a3 Bd7 8. O-O Nh6 9. Bxh6 gxh6 10. b4 Be7 11. Nbd2 O-O 12. Qe2 f6 13. Rae1 fxe5 14. Nxe5 Nxe5 15. Qxe5 Bf6 16. Qh5 Bg7 17. c4 Qg5 18. Qe2 Rae8 19. Nf3 Qf4 20. Qa2 Kh8 21. cxd5 exd5 22. Rxe8 Bxe8 23. b5 d4 24. Qd5 b6 25. Re1 Bg6 26. Bc4 Bf7 27. Qc6 Bxc4 28. Qxc4 Qg4 29. h3 Qf4 30. Re7 Rd8 31. Qd3 Rc8 32. g3 Qf6 33. Re4 Rc3 34. Qxd4 Rxf3 35. Re8+ Bf8 36. Rxf8+ 1-0


[Site "https://www.chess.com"]

[Event "Titled Tuesday Blitz October 31 Early 2023"]
[White "Kukreja Sankalp"]
[Black "Guliev, Logman"]
[WhiteFideId "45027676"]
[BlackFideId "13400061"]
[WhiteElo "2403"]
[BlackElo "2564"]
[Result "0-1"]
[Round "5"]
[TimeControl "180+1"]
[Date "2023.10.31"]
[WhiteClock "0:02:01"]
[BlackClock "0:02:00"]
[Board "93"]

1. e4 c5 2. Nf3 d6 3. d3 Nc6 4. g3 Nf6 5. Bg2 g6 6. O-O Bg7 7. Nc3 O-O 8. Be3 b6 9. Ne2 Bb7 10. Ne1 e6 11. h3 d5 12. f4 dxe4 13. dxe4 Qxd1 14. Rxd1 Rad8 15. e5 Rxd1 16. exf6 Bxf6 17. Nd3 Rxf1+ 18. Kxf1 Na5 19. Bxb7 Nxb7 20. g4 Nd6 21. Ng3 Rd8 22. Ne5 Bxe5 23. fxe5 Nc4 24. Bf4 Nxb2 25. Ke2 Na4 26. Ne4 Rd4 27. Ke3 Kf8 28. Bh6+ Ke7 29. Bg5+ Kd7 30. Nf6+ Kc6 31. Nxh7 Nc3 32. Bf6 Nxa2 33. Ng5 Nc3 34. Kf3 a5 35. h4 a4 36. h5 gxh5 37. gxh5 Rh4 38. Nxe6 Rxh5 39. Nf4 Rf5 40. Kg4 Rxf6 41. exf6 a3 42. Nd3 a2 43. Ne5+ Kd5 0-1


[Site "https://www.chess.com"]

[Event "Titled Tuesday Blitz October 31 Early 2023"]
[White "Hoffmann, Asa"]
[Black "borocotoajua"]
[WhiteFideId "2001470"]
[WhiteElo "2399"]
[BlackElo "2564"]
[Result "0-1"]
[Round "5"]
[TimeControl "180+1"]
[Date "2023.10.31"]
[WhiteClock "0:00:00"]
[BlackClock "0:00:21"]
[Board "94"]

1. d4 Nf6 2. Bg5 g6 3. Nc3 d5 4. f3 c5 5. e4 cxd4 6. Qxd4 Nc6 7. Bb5 Bg7 8. e5 Nd7 9. Qxd5 Ncxe5 10. O-O-O O-O 11. f4 Ng4 12. Qf3 Qb6 13. Bxd7 Bxd7 14. Rxd7 Nf2 15. Rxb7 Qc5 16. Rb5 Qc4 17. Qxf2 Bxc3 18. Rb3 Bd4 19. Qe2 Qa4 20. Ra3 Qc6 21. Nf3 Bg7 22. Rb3 Rfc8 23. Kb1 a5 0-1


[Site "https://www.chess.com"]

[Event "Titled Tuesday Blitz October 31 Early 2023"]
[White "LeoLV10"]
[Black "Xie, Bryan"]
[BlackFideId "30941296"]
[WhiteElo "2563"]
[BlackElo "2399"]
[Result "0-1"]
[Round "5"]
[TimeControl "180+1"]
[Date "2023.10.31"]
[WhiteClock "0:00:06"]
[BlackClock "0:00:19"]
[Board "95"]

1. e4 c5 2. Nf3 e6 3. d4 cxd4 4. Nxd4 Nc6 5. Nc3 Qc7 6. Be3 a6 7. g4 Nxd4 8. Qxd4 b5 9. Qd2 Bb7 10. Rg1 b4 11. Ne2 Bxe4 12. O-O-O Rc8 13. Nd4 e5 14. Bd3 Bxd3 15. Qxd3 exd4 16. Bxd4 Ne7 17. Rde1 d6 18. Rg3 Qc4 19. Qd2 Qxa2 20. Qxb4 Qc4 21. Qd2 Qa4 22. Ra3 Qc6 23. Qd3 Ra8 24. Rc3 Qb7 25. f4 Rb8 26. Rb3 Qc8 27. Rc3 Qxg4 28. Qxa6 Qxf4+ 29. Be3 Qb4 30. Qa2 g6 31. Ba7 Bg7 32. Rxe7+ Kxe7 33. Re3+ Be5 34. Bxb8 Rxb8 35. c3 Qf4 36. Qa7+ Kf6 37. Kc2 Qf2+ 38. Kd3 Rxb2 39. Qa8 Rd2+ 40. Ke4 Qf5# 0-1


[Site "https://www.chess.com"]

[Event "Titled Tuesday Blitz October 31 Early 2023"]
[White "Mndapoetzz04"]
[Black "La Villa Rivas, Marlon Javier"]
[BlackFideId "3519546"]
[WhiteElo "2558"]
[BlackElo "2399"]
[Result "1-0"]
[Round "5"]
[TimeControl "180+1"]
[Date "2023.10.31"]
[WhiteClock "0:00:40"]
[BlackClock "0:00:09"]
[Board "96"]

1. d4 Nf6 2. Bf4 d5 3. e3 c5 4. Nc3 a6 5. dxc5 Nc6 6. Nf3 Bg4 7. Be2 e6 8. Na4 Bxc5 9. Nxc5 Qa5+ 10. c3 Qxc5 11. O-O O-O 12. Rc1 b5 13. a4 Ne4 14. h3 Bf5 15. Nd4 Nxd4 16. cxd4 Qb4 17. axb5 axb5 18. f3 Nd2 19. Rf2 Qxb2 20. Bf1 Ra2 21. e4 dxe4 22. Rxd2 Qa3 23. Rxa2 Qxa2 24. Bxb5 exf3 25. Qxf3 h6 26. Bc4 Qb2 27. d5 exd5 28. Bxd5 Rd8 29. Kh2 Bg6 30. Rc7 Qd4 31. Bc4 Rb8 32. Bxf7+ Bxf7 33. Rxf7 Rb1 34. Rf8+ Kh7 35. Be3 Qe5+ 36. Qf4 Qxf4+ 37. Bxf4 Rf1 38. Bd6 Rd1 39. Be5 Re1 40. Re8 Kg6 41. Re7 Kf5 42. Bd6 Rd1 43. Bb4 g5 44. Rh7 Kg6 45. Rb7 Rb1 46. Rb6+ Kh5 47. Bc5 Rxb6 48. Bxb6 g4 49. hxg4+ Kxg4 50. Be3 h5 51. Bd2 h4 52. Be3 h3 53. g3 1-0


[Site "https://www.chess.com"]

[Event "Titled Tuesday Blitz October 31 Early 2023"]
[White "Haitin, Ilja"]
[Black "chess123456s"]
[WhiteFideId "4501764"]
[WhiteElo "2399"]
[BlackElo "2548"]
[Result "1-0"]
[Round "5"]
[TimeControl "180+1"]
[Date "2023.10.31"]
[WhiteClock "0:01:00"]
[BlackClock "0:01:30"]
[Board "97"]

1. Nf3 d5 2. g3 Nd7 3. d4 Nb6 4. Nc3 Bf5 5. Nh4 Bg4 6. h3 Bh5 7. Ng2 e6 8. Nf4 Bg6 9. Bg2 Nf6 10. O-O Bd6 11. Nxg6 hxg6 12. e4 dxe4 13. Nxe4 Nxe4 14. Bxe4 c6 15. Bg2 O-O 16. c3 Qe7 17. Qg4 Qf6 18. Be4 Qd8 19. Bc2 Qc7 20. h4 Rfe8 21. h5 gxh5 22. Qxh5 g6 23. Qh3 Bf8 24. Kg2 Bg7 25. Rh1 Qe7 26. Qh7+ Kf8 27. Bh6 Qf6 28. Qh8+ Ke7 29. Qxg7 Qxg7 30. Bxg7 Rg8 31. Be5 Nc4 32. Bf4 b5 33. b3 Nb6 34. Be4 Nd5 35. Bxd5 cxd5 36. a4 a6 37. axb5 axb5 38. Bg5+ Kd7 39. Rxa8 Rxa8 40. Rh7 1-0


[Site "https://www.chess.com"]

[Event "Titled Tuesday Blitz October 31 Early 2023"]
[White "Seresin, Francesco"]
[Black "NovoselovRoman"]
[WhiteFideId "886335"]
[WhiteElo "2382"]
[BlackElo "2544"]
[Result "0-1"]
[Round "5"]
[TimeControl "180+1"]
[Date "2023.10.31"]
[WhiteClock "0:00:05"]
[BlackClock "0:00:18"]
[Board "98"]

1. c4 e6 2. Nc3 b6 3. e4 Bb7 4. Nf3 d6 5. d4 Nf6 6. Bd3 Nbd7 7. O-O c5 8. h3 cxd4 9. Nxd4 Nc5 10. Re1 Be7 11. Bc2 Rc8 12. Bg5 O-O 13. Qe2 h6 14. Bh4 a6 15. Bg3 Nfd7 16. Rad1 Ba8 17. Qg4 Nf6 18. Qe2 Ncd7 19. f3 Qc7 20. Bd3 Ne5 21. Nb3 Nh5 22. Bh2 Bh4 23. Bb1 Bxe1 24. Qxe1 Nxc4 25. Qh4 Nf6 26. f4 Nxb2 27. e5 Ne8 28. Rc1 dxe5 29. fxe5 Qc4 30. Bf4 Nd3 31. Bxd3 Qxd3 0-1


[Site "https://www.chess.com"]

[Event "Titled Tuesday Blitz October 31 Early 2023"]
[White "Titichoca Daza, Daniel"]
[Black "Dmitrenko, Viktor"]
[WhiteFideId "3309550"]
[BlackFideId "14110270"]
[WhiteElo "2536"]
[BlackElo "2373"]
[Result "1-0"]
[Round "5"]
[TimeControl "180+1"]
[Date "2023.10.31"]
[WhiteClock "0:02:24"]
[BlackClock "0:00:00"]
[Board "99"]

1. e4 c5 2. Nc3 Nc6 3. Bb5 Nd4 4. Nf3 a6 5. Bd3 g6 6. Rb1 Bg7 7. O-O d6 8. b4 Nxf3+ 9. Qxf3 cxb4 10. Rxb4 Nf6 11. Nd5 O-O 12. Bb2 Nxd5 13. exd5 Bxb2 14. Rxb2 b5 15. Re1 Ra7 16. a4 bxa4 17. Rb4 a3 18. Qe3 Rc7 19. Qh6 e5 20. dxe6 Bxe6 21. Rh4 f6 22. Rxe6 Re7 23. Bxg6 a2 24. Bxh7+ Kf7 25. Rxf6+ Ke8 26. Rxf8+ Kd7 27. Rxd8+ Kxd8 28. Qxd6+ Kc8 29. Rc4+ Kb7 30. Qxe7+ Kb6 31. Ra4 1-0


[Site "https://www.chess.com"]

[Event "Titled Tuesday Blitz October 31 Early 2023"]
[White "Girinath, P.D.S."]
[Black "Bazilius, Augustinas"]
[WhiteFideId "5000572"]
[BlackFideId "12832251"]
[WhiteElo "2357"]
[BlackElo "2532"]
[Result "1-0"]
[Round "5"]
[TimeControl "180+1"]
[Date "2023.10.31"]
[WhiteClock "0:01:00"]
[BlackClock "0:00:04"]
[Board "100"]

1. e4 c5 2. Nf3 e6 3. d3 d5 4. Qe2 Nc6 5. g3 Nf6 6. Bg2 Be7 7. O-O O-O 8. e5 Nd7 9. c4 dxc4 10. dxc4 Qc7 11. Bf4 Nd4 12. Nxd4 cxd4 13. Rd1 Qb6 14. b3 Rd8 15. Nd2 Nf8 16. Ne4 Ng6 17. Bg5 Bxg5 18. Nxg5 Qc7 19. f4 Rb8 20. Rd3 b5 21. cxb5 Rxb5 22. Rad1 Qb6 23. Qh5 h6 24. Nxf7 Kxf7 25. Be4 Ba6 26. Qxg6+ Kg8 27. Qh7+ Kf8 28. Bg6 Rd7 29. Qh8+ Ke7 30. Qe8# 1-0


[Site "https://www.chess.com"]

[Event "Titled Tuesday Blitz October 31 Early 2023"]
[White "Purtseladze, Maka"]
[Black "secrethawk1"]
[WhiteFideId "13602659"]
[WhiteElo "2530"]
[BlackElo "2350"]
[Result "0-1"]
[Round "5"]
[TimeControl "180+1"]
[Date "2023.10.31"]
[WhiteClock "0:00:07"]
[BlackClock "0:00:55"]
[Board "101"]

1. Nc3 d5 2. d4 Nf6 3. Bf4 c5 4. e3 e6 5. Nb5 Na6 6. c3 c4 7. h3 Be7 8. Nf3 Ne4 9. Be2 Nd6 10. a4 b6 11. b3 cxb3 12. Qxb3 Nc7 13. Nxd6+ Bxd6 14. Bxd6 Qxd6 15. c4 dxc4 16. Bxc4 Bb7 17. Bb5+ Nxb5 18. Qxb5+ Bc6 19. Qb2 O-O 20. O-O Bxf3 21. gxf3 Qd5 22. f4 f5 23. Kh2 Rac8 24. Rac1 Qf3 25. Qa2 Kf7 26. Rc4 Qd5 27. Rfc1 Kg8 28. R1c2 Rxc4 29. Qxc4 Qe4 30. Ra2 h6 31. Qc2 Qd5 32. Kg3 Rf6 33. f3 Rg6+ 34. Kf2 Qa5 35. Qd2 Qd5 36. Rb2 Qd8 37. Ke2 Rg2+ 38. Kd3 Rxd2+ 0-1


[Site "https://www.chess.com"]